 Dungeon Crawl Stone Soup version 0.25.1-2-g60ff931df9 (webtiles) character file.

Game seed: 1400920174002393350

10790 Chiseanne the Spry (level 11, -1/49 HPs)
             Began as a Spriggan Assassin on Nov 4, 2020.
             Was an Initiate of Gozag.
             Slain by a six-headed hydra (17 damage)
             ... on level 5 of the Lair of Beasts.
             The game lasted 00:45:39 (8150 turns).

Chiseanne the Spry (Spriggan Assassin)              Turns: 8150, Time: 00:45:39

Health: -1/49      AC:  7    Str:  7    XL:     11   Next: 40%
Magic:  12/12      EV: 36    Int: 14    God:    Gozag
Gold:   480        SH:  0    Dex: 20    Spells: 7/10 levels left

rFire    + . .     SeeInvis +   a - +5 rapier (venom)
rCold    . . .     Gourm    .   (shield restricted)
rNeg     + . .     Faith    .   o - +2 robe {rN+}
rPois    +         Spirit   .   (helmet restricted)
rElec    .         Reflect  .   c - +2 cloak
rCorr    .         Harm     .   (gloves unavailable)
MR       +....                  (boots unavailable)
Stlth    +++++++...             (no amulet)
HPRegen  0.16/turn              A - ring of protection from fire
MPRegen  0.13/turn              y - ring of poison resistance (curse)

@: gold aura, very quick
A: very small, unfitting armour, see invisible, herbivore, speed 3, slow
metabolism 2
a: Potion Petition, Call Merchant, Bribe Branch, Renounce Religion


You were on level 5 of the Lair of Beasts.
You worshipped Gozag.
Gozag was aware of your devotion.
You were not hungry.

You visited 3 branches of the dungeon, and saw 19 of its levels.

You collected 1401 gold pieces.
You spent 477 gold pieces at shops.
You paid 444 gold pieces to Gozag.

Inventory:

Hand Weapons
 a - a +5 rapier of venom (weapon)
 w - a +0 hunting sling
Missiles
 d - 87 sling bullets
 l - 98 arrows
 r - a throwing net (quivered)
 t - 39 bolts
 z - 2 boomerangs
Armour
 c - a +2 cloak (worn)
 o - a +2 robe of positive energy (worn)
Jewellery
 e - a +6 ring of intelligence
 k - an uncursed ring of magical power
 m - an uncursed ring of flight
 y - a cursed ring of poison resistance (right hand)
 A - a ring of protection from fire (left hand)
Wands
 h - a wand of iceblast (18)
 v - a wand of flame (22)
Scrolls
 b - 2 scrolls of remove curse
 s - 4 scrolls of teleportation
 B - a scroll of amnesia
Potions
 g - a potion of brilliance
 i - 5 potions of ambrosia
 j - a potion of might {unknown}
 n - a potion of cancellation
 p - a potion of haste
 q - 3 potions of curing
 x - a potion of mutation
Miscellaneous
 u - a box of beasts
Comestibles
 f - 8 rations


   Skills:
 - Level 1.5 Fighting
 + Level 9.0 Short Blades
 - Level 2.0 Throwing
 - Level 20.0 Dodging
 * Level 17.0 Stealth


You had 7 spell levels left.
You knew the following spells:

 Your Spells              Type           Power        Failure   Level  Hunger
a - Frozen Ramparts       Ice            #.....       65%         3    ####...

Your spell library contained the following spells:

 Spells                   Type           Power        Failure   Level  Hunger
 Beastly Appendage        Tmut           #.....       28%         1    ##.....
 Freeze                   Ice            #...         28%         1    ##.....
 Magic Dart               Conj           #...         28%         1    ##.....
 Searing Ray              Conj           #.....       41%         2    ###....
 Sticks to Snakes         Tmut           #.......     41%         2    ###....
 Dazzling Flash           Conj/Hex       #.....       65%         3    ####...
 Ozocubu's Armour         Chrm/Ice       #.......     65%         3    ####...
 Spider Form              Tmut/Pois      #.........   65%         3    ####...
 Cause Fear               Hex            #.........   96%         4    #####..
 Fulminant Prism          Conj/Hex       #.........   96%         4    #####..
 Hailstorm                Conj/Ice       #.......     96%         4    #####..
 Ice Form                 Ice/Tmut       #.......     96%         4    #####..
 Iskenderun's Mystic Bla  Conj/Tloc      #.......     96%         4    #####..
 Summon Ice Beast         Ice/Summ       #.......     96%         4    #####..
 Blade Hands              Tmut           #.........   100%        5    ######.
 Silence                  Hex/Air        #.........   100%        5    ######.
 Yara's Violent Unravell  Hex/Tmut       #.........   100%        5    ######.
 Discord                  Hex            #.........   100%        8    #######


Dungeon Overview and Level Annotations

Branches:
Dungeon (12/15)            Temple (1/1) D:4            Lair (6/6) D:11
  Swamp (0/4) Lair:2        Slime (0/5) Lair:5
  Snake: Lair:2-4    Spider: Lair:2-4       Orc: D:9-12

Altars:
Ashenzari
Dithmenos
Elyvilon
Gozag
Hepliaklqana
Kikubaaqudgha
Nemelex Xobeh
Qazlal
Ru
Sif Muna
Trog
Vehumet
Yredelemnul
Zin
The Shining One
Jiyva

Shops:
D:8 =   Lair:3 (

Annotations:
D:10 Maggie
Lair:2 Nergalle


Innate Abilities, Weirdness & Mutations

You are very small and have problems with some larger weapons.
You are too small for most types of armour.
You have supernaturally acute eyesight. (SInv)
You are a herbivore.
You cover ground extremely quickly.
You need to consume almost no food.


Message History

The six-headed hydra barely misses you.
The six-headed hydra completely misses you.
The six-headed hydra misses you.
Found a papyrus book.
You see here 11 gold pieces.
You hit the six-headed hydra.
The six-headed hydra is lightly wounded.
The six-headed hydra completely misses you. x2
The six-headed hydra bites you.
The six-headed hydra completely misses you.
The six-headed hydra misses you.
The six-headed hydra completely misses you.
You now have 480 gold pieces (gained 11).
The six-headed hydra misses you.
The six-headed hydra completely misses you.
The six-headed hydra bites you!
The six-headed hydra completely misses you.
The six-headed hydra bites you!
You die...
Your body crumbles into a pile of gold.

..... ....#.
##....:....# ......
.###^.........# ...#..
...#.........# ....#
......./....# ..#
#.#........# P.# .
#.........# ..#.# .
#P.D%....# #...#.#
###P.P@...# # .+#.#
###.###...#### #...##
#.#..#.......# #...#.#
#..........## .##..#
##.........# .....##
#P.........# ..#...#
##........#.#
.....######........###
.#...##..##.........#


You could see a six-headed hydra.

Vanquished Creatures
  An entropy weaver (Lair:4)
  A hydra (Lair:5)
  An ugly thing (D:12)
  4 elephants (Lair:5)
  Joseph (D:8)
  A centaur zombie (D:12)
  2 black mambas (Lair:3)
  A spiny frog (Lair:1)
  A torpor snail (Lair:3)
  A komodo dragon (Lair:3)
  6 blink frogs
  A wyvern (D:12)
  A wraith (D:7)
  2 yaks (Lair:3)
  Edmund (D:5)
  3 water moccasins
  9 soldier ants (Lair:4)
  2 porcupines (Lair:3)
  An ice beast (D:10)
  A sky beast (D:9)
  2 centaurs
  2 crocodiles
  7 bullfrogs
  A water moccasin skeleton (D:5)
  4 scorpions
  5 killer bees (D:12)
  2 crimson imps
  A bullfrog zombie (D:5)
  2 hounds
  A jelly (D:5)
  An orc priest (D:6)
  4 orc wizards
  9 worker ants
  2 hound skeletons
  3 adders
  4 shadow imps (D:5)
  An ooze (D:1)
  An adder skeleton (D:6)
  2 worms
  A leopard gecko (D:6)
  11 orcs
  2 goblins
  4 hobgoblins
  10 jackals (D:5)
  2 kobolds
  A quokka (D:2)
  3 bats
  3 frilled lizards
  A quokka skeleton (D:4)
  A rat (D:2)
  A fungus (Lair:3)
135 creatures vanquished.

Vanquished Creatures (others)
  7 fungi
  19 plants
26 creatures vanquished.

Grand Total: 161 creatures vanquished

Notes
Turn   | Place    | Note
-------+----------+-------------------------------------------
     0 | D:1      | Chiseanne the Spriggan Assassin began the quest for the
                  | Orb.
     0 | D:1      | Reached XP level 1. HP: 10/10 MP: 2/2
   103 | D:1      | Reached skill level 2 in Dodging
   116 | D:1      | Reached XP level 2. HP: 14/14 MP: 3/3
   616 | D:4      | Reached XP level 3. HP: 18/18 MP: 4/4
   645 | D:4      | Found a staircase to the Ecumenical Temple.
   650 | Temple   | Entered the Ecumenical Temple
   665 | Temple   | Became a worshipper of Gozag Ym Sagoz the Greedy
   868 | D:4      | Noticed a scorpion
   895 | D:4      | Killed a scorpion
   895 | D:4      | Reached skill level 3 in Dodging
   895 | D:4      | Reached XP level 4. HP: 22/22 MP: 5/5
   935 | D:4      | Reached XP level 5. HP: 25/25 MP: 6/6
   999 | D:5      | Entered Level 5 of the Dungeon
  1003 | D:5      | Reached skill level 4 in Dodging
  1035 | D:5      | Noticed a phantom
  1256 | D:5      | Noticed an ogre
  1302 | D:6      | Reached XP level 6. HP: 30/30 MP: 7/7
  1421 | D:6      | Found an ancient bone altar of Kikubaaqudgha.
  1439 | D:6      | Noticed a yak
  1465 | D:6      | Found a sparkling altar of Nemelex Xobeh.
  1516 | D:6      | Reached skill level 5 in Dodging
  1741 | D:5      | Found a stormy altar of Qazlal.
  1797 | D:5      | Reached skill level 6 in Dodging
  2158 | D:5      | Reached skill level 7 in Dodging
  2158 | D:5      | Reached XP level 7. HP: 20/33 MP: 8/8
  2306 | D:5      | Noticed Edmund
  2331 | D:5      | Killed Edmund
  2331 | D:5      | Reached skill level 9 in Dodging
  2417 | D:5      | Reached skill level 10 in Dodging
  2442 | D:5      | Found a glowing golden altar of the Shining One.
  2521 | D:6      | Found a shattered altar of Ashenzari.
  2522 | D:6      | Reached skill level 11 in Dodging
  2605 | D:6      | Found a hazy altar of Hepliaklqana.
  2618 | D:6      | Found a shadowy altar of Dithmenos.
  2630 | D:6      | Found a glowing silver altar of Zin.
  2644 | D:6      | Found a sacrificial altar of Ru.
  2861 | D:8      | Found Zyneifus's Jewellery Emporium.
  2889 | D:8      | Noticed Joseph
  2909 | D:8      | Killed Joseph
  2909 | D:8      | Reached skill level 14 in Dodging
  2909 | D:8      | Reached XP level 8. HP: 37/37 MP: 9/9
  3048 | D:7      | Reached skill level 15 in Dodging
  3189 | D:9      | Reached skill level 16 in Dodging
  3282 | D:9      | Reached skill level 17 in Dodging
  3419 | D:9      | Noticed a hippogriff
  3440 | D:10     | Entered Level 10 of the Dungeon
  3441 | D:10     | Noticed Maggie
  4023 | D:9      | Found a bloodstained altar of Trog.
  4172 | D:11     | Noticed a two-headed ogre
  4204 | D:11     | Reached skill level 18 in Dodging
  4204 | D:11     | Reached XP level 9. HP: 34/41 MP: 10/10
  4491 | D:12     | Learned a level 3 spell: Frozen Ramparts
  4496 | D:12     | Noticed a cyclops
  4632 | D:12     | Reached skill level 19 in Dodging
  4748 | D:12     | Noticed a white ugly thing
  4767 | D:12     | HP: 1/41 [white ugly thing (32)]
  4777 | D:12     | Killed a white ugly thing
  4777 | D:12     | Reached skill level 10 in Stealth
  4820 | D:12     | Noticed a freezing wraith
  5178 | D:12     | Noticed a gargoyle
  5182 | D:12     | Reached skill level 5 in Short Blades
  5203 | D:11     | Noticed a troll
  5320 | D:11     | Found a staircase to the Lair.
  5328 | Lair:1   | Entered Level 1 of the Lair of Beasts
  5328 | Lair:1   | Noticed a spiny frog
  5330 | Lair:1   | Killed a spiny frog
  5349 | Lair:1   | Noticed a komodo dragon
  5383 | Lair:1   | Noticed a fire crab
  5383 | Lair:1   | a komodo dragon changed into a fire crab
  5413 | Lair:1   | Noticed a spiny frog
  5414 | Lair:1   | Noticed a troll
  5414 | Lair:1   | a spiny frog changed into a troll
  5420 | Lair:1   | Noticed a komodo dragon
  5436 | Lair:1   | Noticed a komodo dragon
  5534 | Lair:1   | Noticed a black mamba
  5590 | Lair:2   | Noticed a black mamba
  5600 | Lair:2   | Noticed a komodo dragon
  5619 | Lair:2   | Noticed Nergalle
  5621 | Lair:2   | Noticed a polar bear
  5630 | Lair:2   | Found a staircase to the Swamp.
  5701 | Lair:3   | Bought a +5 rapier of venom for 477 gold pieces
  5736 | Lair:3   | Noticed a black mamba
  5772 | Lair:3   | Killed a black mamba
  5772 | Lair:3   | Reached XP level 10. HP: 17/46 MP: 11/11
  6010 | Lair:3   | Noticed a black mamba
  6017 | Lair:3   | Killed a black mamba
  6190 | Lair:3   | Noticed a torpor snail
  6209 | Lair:3   | Reached skill level 20 in Dodging
  6248 | Lair:3   | Killed a torpor snail
  6884 | Lair:4   | Noticed a queen ant
  6885 | Lair:4   | Noticed an entropy weaver
  6885 | Lair:4   | Noticed an entropy weaver
  6959 | Lair:4   | Killed an entropy weaver
  7198 | Lair:4   | Reached skill level 15 in Stealth
  7470 | Lair:4   | Reached XP level 11. HP: 43/49 MP: 12/12
  7548 | Lair:5   | Found a staircase to the Slime Pits.
  7548 | Lair:5   | Found a viscous altar of Jiyva.
  7837 | Lair:6   | Entered Level 6 of the Lair of Beasts
  7851 | Lair:6   | Noticed a death yak
  7853 | Lair:6   | Noticed a death yak
  7854 | Lair:6   | Noticed a death yak
  7871 | Lair:5   | Noticed a five-headed hydra
  8137 | Lair:5   | Noticed a six-headed hydra
  8145 | Lair:5   | Noticed a six-headed hydra
  8147 | Lair:5   | Killed a six-headed hydra
  8150 | Lair:5   | Slain by a six-headed hydra

Illustrated notes

Levels and vault maps discovered:
D:1:      minmay_arrival_open_corners, layout_basic, serial_rivers,
          chequers_serial_rivers_large_b, chequers_serial_rivers_small_b,
          chequers_serial_rivers_micro_d, chequers_serial_rivers_small_b
D:2:      layout_basic, xom_butterflies
D:3:      layout_loops_ring
D:4:      layout_cave_pods, minmay_temple_entry_wispy, kennysheep_pointless_box
D:5:      layout_loops_corners, old_standard_altar, lemuel_round_altar,
          first_ration, serial_bayou_pond_b, sigmund_army, uniq_edmund
D:6:      kennysheep_steamy, layout_basic, ashenzari_conservatory_becter,
          lemuel_crystal_altar, grunt_temple_overflow_cloverleaf, basic_altar,
          minmay_manual_mess
D:7:      layout_basic, kennysheep_mini
D:8:      minmay_clustersquares, layout_loops_ring, kennysheep_mini_moat,
          serial_shops, nicolae_shop_behind_doors, minmay_parallelograms,
          uniq_harold, uniq_joseph
D:9:      layout_roguey, lightli_temple_of_fire, serial_shops, shop
D:10:     hangedman_cross_stitches, layout_loops_ring,
          minmay_orc_entry_temple_small, hangedman_little_slice_of_home,
          minmay_increasing_density, uniq_maggie
D:11:     layout_gridville, lair_entry_dummy
D:12:     layout_roguey, gauntlet_entry_generic, minmay_fractal_squares_5
Temple:   zaba_magenta_temple
Lair:1:   layout_loops_ring, beast_lair_carwin_10, grunt_megastairs_4
Lair:2:   layout_roguey, minmay_swamp_entry_swarm, grunt_megastairs_1,
          serial_bayou_shore_b, serial_bayou_shore_b, uniq_nergalle
Lair:3:   layout_chaotic_city, guppyfry_snake_entry_island
Lair:4:   layout_regular_city, zaba_anthell
Lair:5:   layout_roguey [special_room_bee], slime_altar_1,
          nicolae_lair_yak_garden, grunt_megastairs_3
Lair:6:   minmay_lair_end_enchanted_forest, layout_gridlike,
          nicolae_volcano_entry_lava_flow

Skill      XL: |  1  2  3  4  5  6  7  8  9 10 11 |
---------------+----------------------------------+-----
Dodging        | 2 3 4 7 14 18 19 20 | 20.0
Stealth        | 6 7 8 9 11 15 17 | 17.0
Short Blades   | 3 4 5 8 9 |  9.0
Fighting       | |  1.5
Throwing       | |  2.0

Action                   |  1- 3 |  4- 6 |  7- 9 | 10-12 || total
-------------------------+-------+-------+-------+-------++-------
Melee: Dagger            |    52 |   166 |   246 |       ||   464
       Quarterstaff      |       |       |    56 |       ||    56
       Rapier            |       |       |    16 |   193 ||   209
Throw: Dart              |     7 |    26 |    42 |     6 ||    81
       Throwing net      |       |       |       |     2 ||     2
Invok: Call Merchant     |       |       |     1 |       ||     1
 Abil: Evoke Flight      |       |       |     1 |       ||     1
Evoke: Wand              |       |       |    24 |     6 ||    30
       Box of beasts     |       |       |     2 |     2 ||     4
  Use: Scroll            |     4 |     3 |    11 |     5 ||    23
       Potion            |       |       |     7 |     1 ||     8
 Stab: Sleeping          |    13 |     6 |    13 |    10 ||    42
       Distracted        |       |     1 |     5 |     1 ||     7
       Paralysed         |       |       |     4 |       ||     4
       Held in net/web   |       |       |       |     2 ||     2
  Eat: Ration            |     1 |       |     2 |     2 ||     5
Armor: Robe              |     3 |     6 |    23 |     8 ||    40
Dodge: Dodged            |    25 |   128 |   354 |   194 ||   701
